 Dungeon Sprint DCSS version 0.25-a0-719-gde951dce62 (webtiles) character file.

Game seed: 4269475043695314192, levelgen mode: deterministic

25 mahrnol the Ruffian (level 2, -1/31 HPs)
             Began as a Troll Monk on Apr 6, 2020.
             Was a Believer of Wu Jian.
             Slain by a gnoll
             ... wielding a +0 spear
              (5 damage)
             ... in the Dungeon (Sprint VII: "The Pits").
             The game lasted 00:02:22 (207 turns).

mahrnol the Ruffian (Troll Monk)                     Turns: 207, Time: 00:02:22

Health: -1/31      AC:  6    Str: 18    XL:     2   Next: 86%
Magic:  1/1        EV: 11    Int:  6    God:    Wu Jian [**....]
Gold:   0          SH:  0    Dex: 12    Spells: 1/1 levels left

rFire    . . .     SeeInvis .     - Unarmed
rCold    . . .     Gourm    +   (no shield)
rNeg     . . .     Faith    .   a - +0 robe
rPois    .         Spirit   .   (helmet restricted)
rElec    .         Reflect  .   (no cloak)
rCorr    .         Harm     .   (gloves unavailable)
MR       .....     NoTele   +   (boots unavailable)
Stlth    ++........             (no amulet)
HPRegen  0.50/turn              (no ring)
MPRegen  0.07/turn              (no ring)

@: no status effects
A: large, unfitting armour, claws 3, fast metabolism 3, gourmand, regeneration
1, shaggy fur 1, tough skin 3
a: Wall Jump, Renounce Religion


You were in the Dungeon.
You worshipped Wu Jian.
Wu Jian was pleased with you.
You were not hungry.

You visited 1 branch

Inventory:

Armour
 a - a +0 robe (worn)
Scrolls
 h - a scroll of blinking
 j - 3 scrolls of remove curse
 k - 5 scrolls of amnesia
 l - a scroll of summoning
Potions
 c - a potion of curing
 d - a potion of heal wounds
 e - a potion of haste
 f - 4 potions of magic
 g - 3 potions of berserk rage
 i - 2 potions of invisibility
Comestibles
 b - 10 rations
 m - 6 chunks of flesh


   Skills:
 + Level 3.5 Fighting
 + Level 3.7 Dodging
 + Level 1.1 Stealth
 + Level 4.4 Unarmed Combat


You had one spell level left.
You didn't know any spells.
Your spell library was empty.

Dungeon Overview and Level Annotations

Branches:
Dungeon (1/1)

Altars:
Ashenzari
Cheibriados
Dithmenos
Elyvilon
Fedhas
Gozag
Hepliaklqana
Kikubaaqudgha
Makhleb
Nemelex Xobeh
Okawaru
Qazlal
Ru
Sif Muna
Trog
Uskayaw
Vehumet
Wu Jian
Xom
Yredelemnul
Zin
The Shining One
Beogh
Jiyva
Lugonu


Innate Abilities, Weirdness & Mutations

You are too large for most types of armour.
You have claws for hands.
Your metabolism is lightning-fast.
You like to eat raw meat.
Your natural rate of healing is unusually fast.
You are covered in fur. (AC +1)
You have extremely tough skin. (AC +3)


Message History

You barely miss the ufetubus. You claw the ufetubus.
The ufetubus is heavily wounded.
You barely miss the ufetubus.
The ufetubus is heavily wounded.
The ufetubus barely misses you. x2; The ufetubus closely misses you.
The ufetubus barely misses you. The gnoll hits you with a +0 spear!
You spin and attack the ufetubus.
You miss the ufetubus.
The ufetubus is heavily wounded.
You spin and attack the gnoll.
You closely miss the gnoll. The ufetubus barely misses you.
The ufetubus hits you. The gnoll hits you but does no damage.
You spin and attack the gnoll.
You scratch the gnoll but do no damage. The gnoll hits you with a +0 spear!
* * * LOW HITPOINT WARNING * * *
You spin and attack the gnoll.
You scratch the gnoll.
The gnoll is lightly wounded.
You spin and attack the orc.
You scratch the orc.
The orc is severely wounded.
The orc closely misses you. The gnoll hits you with a +0 spear.
You die...

#_________.#
#_______...#########
##########'##.......
#.?(.')))'.##......#
##########.##.......
#...........).......
+#####'#####......#
#..#.÷.'.##.......
#@.#.÷.#.#####'###
#og#####.##.......
#5r'...#.##.......
#..'...÷.##.......
#..########...<...
#..+ #....... #..#
#....... ####
#....... ########


You could see a gnoll (pinned), an orc (pinned), an ufetubus and a quokka.

Vanquished Creatures
  A gnoll (D)
  An adder (D)
  2 leopard geckos (D)
  An orc (D)
5 creatures vanquished.

Notes
Turn   | Place    | Note
-------+----------+-------------------------------------------
     0 | D        | mahrnol the Troll Monk began the quest for the Orb.
     0 | D        | Reached XP level 1. HP: 22/22 MP: 0/0
    12 | D        | Reached XP level 2. HP: 31/31 MP: 1/1
    19 | D        | Found a bloodstained altar of Trog.
    19 | D        | Found a shimmering blue altar of Sif Muna.
    19 | D        | Found a viscous altar of Jiyva.
    19 | D        | Found a hazy altar of Hepliaklqana.
    19 | D        | Found an opulent altar of Gozag.
    20 | D        | Found a glowing golden altar of the Shining One.
    20 | D        | Found a glowing silver altar of Zin.
    20 | D        | Found a basalt altar of Yredelemnul.
    20 | D        | Found a shimmering altar of Xom.
    20 | D        | Found an ornate altar of the Wu Jian Council.
    20 | D        | Found a sacrificial altar of Ru.
    20 | D        | Found a stormy altar of Qazlal.
    20 | D        | Found an iron altar of Okawaru.
    20 | D        | Found a sparkling altar of Nemelex Xobeh.
    20 | D        | Found a burning altar of Makhleb.
    20 | D        | Found a blossoming altar of Fedhas.
    20 | D        | Found a white marble altar of Elyvilon.
    20 | D        | Found a shadowy altar of Dithmenos.
    20 | D        | Found a snail-covered altar of Cheibriados.
    21 | D        | Found a radiant altar of Vehumet.
    21 | D        | Found a corrupted altar of Lugonu.
    21 | D        | Found a roughly hewn altar of Beogh.
    22 | D        | Found a hide-covered altar of Uskayaw.
    22 | D        | Found an ancient bone altar of Kikubaaqudgha.
    22 | D        | Found a shattered altar of Ashenzari.
    28 | D        | Became a worshipper of the Wu Jian Council
    28 | D        | Reached * piety under Wu Jian
    28 | D        | Reached ** piety under Wu Jian
   168 | D        | Reached skill level 4 in Unarmed Combat
   207 | D        | Slain by a gnoll

Levels and vault maps discovered:
D:        pitsprint [storerooms_1, entrance_room_1, metal_vault_2, armoury_1,
          mini_pit_1, grid_room_1, main_hall_1, silver_pit, the_coven_1,
          the_vestibule_1, steel_vault_3, golden_pit, hallway_of_sentries,
          crystal_vault_1, iron_vault_1, final_vault]

Skill      XL: |  1  2 |
---------------+-------+-----
Fighting       | 3 |  3.5
Dodging        | 3 |  3.7
Unarmed Combat | 4 |  4.4
Stealth        | |  1.1

Action                   || total
-------------------------++-------
Melee: Unarmed           ||    25
       Punch             ||     1
Invok: Whirlwind         ||    12
       Lunge             ||     1
  Eat: Chunk             ||     1
Armor: Robe              ||     4
Dodge: Dodged            ||    22

Table legend:
 A = Non-vault XP
 B = Vault XP
 C = Vault XP percentage of total XP
 D = Non-vault monster count
 E = Vault monster count
 F = Vault count percentage of total count
                 A         B        C        D         E       F
            +---------+---------+-------+---------+---------+-------
      Total |       0 |      37 | 100.0 |       0 |       5 | 100.0
            +---------+---------+-------+---------+---------+-------
          D |       0 |      37 | 100.0 |       0 |       5 | 100.0
            +---------+---------+-------+---------+---------+-------
